Map: [ESL] Amphion

Players

ForJumy

  • Race: Protoss Protoss
  • Spawn Location: 11:00

HeroMarine - Winner!

  • Race: Terran Terran
  • Spawn Location: 7:00

Event: ESL SC2 Masters 2024 Spring (Regional)

VOD

Have the link to the VOD?

Description

Time

  • Played on: April 10, 2024, 1:02 p.m.
  • Length: 8:40

All games in this series

Show
View Real Time Build Order
Export as new Build Order

ForJumy Protoss 

Build Orders: 1 Gate Expand, Phoenix Opening, Colossus Rush 

Get SALT Encoding   

  12  0:00  Probe  
  13  0:12  Probe  
  14  0:19  Pylon  
  14  0:24  Probe  
  15  0:37  Gateway, Probe (Chrono Boost)  
  16  0:47  Probe (Chrono Boost), Assimilator  
  17  0:52  Probe (Chrono Boost)  
  18  1:05  Probe  
  19  1:17  Probe  
  20  1:24  Nexus  
  20  1:35  Cybernetics Core  
  20  1:38  Probe  
  21  1:43  Assimilator  
  21  1:50  Probe  
  22  1:54  Pylon  
  22  2:02  Probe  
  23  2:10  Adept (Chrono Boost)  
  23  2:15  Probe  
  26  2:18  Stargate  
  25  2:33  Adept  
  28  2:38  Probe (Chrono Boost)  
  28  2:39  Warp Gate  
  28  2:42  Probe (Chrono Boost)  
  31  2:51  Probe (Chrono Boost)  
  31  2:53  Probe (Chrono Boost)  
  32  3:00  Probe (Chrono Boost)  
  32  3:01  Probe (Chrono Boost)  
  32  3:05  Probe (Chrono Boost)  
  33  3:08  Probe (Chrono Boost)  
  33  3:12  Phoenix  
  37  3:19  Gateway  
  38  3:21  Probe (Chrono Boost)  
  38  3:22  Probe (Chrono Boost)  
  39  3:27  Probe x2 (Chrono Boost), Adept  
  43  3:37  Phoenix  
  45  3:42  Robotics Facility  
  45  3:43  Probe  
  46  3:49  Pylon  
  46  4:04  Assimilator  
  46  4:05  Assimilator  
  46  4:07  Phoenix  
  46  4:08  Probe (Chrono Boost)  
  50  4:11  Probe (Chrono Boost)  
  50  4:16  Pylon  
  50  4:19  Probe (Chrono Boost)  
  50  4:23  Probe (Chrono Boost)  
  52  4:24  Probe (Chrono Boost)  
  53  4:31  Robotics Bay  
  53  4:32  Probe  
  53  4:34  Immortal  
  53  4:36  Probe  
  59  4:39  Pylon  
  59  4:45  Probe  
  60  4:51  Phoenix  
  62  5:01  Probe  
  62  5:03  Probe  
  62  5:06  Pylon  
  64  5:08  Adept x2  
  64  5:13  Probe  
  69  5:21  Colossus (Chrono Boost)  
  69  5:26  Shield Battery  
  75  5:28  Pylon  
  75  5:32  Extended Thermal Lance  
  75  5:33  Phoenix  
  77  5:48  Stalker  
  77  5:49  Stalker  
  71  6:00  Phoenix  
  63  6:06  Colossus (Chrono Boost)  
  64  6:17  Nexus  
  64  6:25  Gateway x2  
  64  6:29  Gateway  
  64  6:32  Gateway, Phoenix  
  66  6:40  Sentry x2  
  66  6:43  Probe  
  66  6:44  Probe  
  72  6:47  Pylon  
  72  6:50  Gateway  
  72  6:55  Probe, Colossus (Chrono Boost)  
  79  7:03  Phoenix  
  79  7:10  Pylon x2  
  81  7:16  Stalker  
  83  7:28  Gateway  
  83  7:34  Phoenix  
  83  7:35  Stalker  
  83  7:36  Stalker  
  89  7:38  Probe x2  
  91  7:47  Warp Prism (Chrono Boost)  
  93  7:53  Sentry  
  93  7:54  Sentry  
  93  7:55  Zealot x2  
  101  8:06  Stalker x2  
  105  8:15  Stalker  
  105  8:16  Stalker x2  
  111  8:23  Stalker x2  
  95  8:34  Zealot x3  
Show
View Real Time Build Order
Export as new Build Order

HeroMarine Terran - Winner!

Build Orders: Reaper Expand 

Get SALT Encoding   

  12  0:00  SCV  
  13  0:12  SCV  
  14  0:18  Supply Depot  
  14  0:24  SCV  
  15  0:39  SCV  
  15  0:41  Barracks  
  16  0:45  Refinery  
  16  0:51  SCV  
  17  1:03  SCV  
  18  1:16  SCV  
  19  1:28  Orbital Command, Reaper  
  20  1:42  Command Center  
  20  1:48  Supply Depot  
  20  1:53  SCV  
  21  2:00  Marine  
  22  2:06  SCV  
  23  2:16  Bunker  
  23  2:18  SCV, Barracks Reactor  
  24  2:30  SCV  
  25  2:40  Command Center  
  25  2:42  SCV  
  26  2:52  Barracks  
  26  2:54  SCV  
  26  2:58  Marine x2  
  29  3:00  Orbital Command  
  29  3:06  SCV  
  29  3:15  Marine  
  29  3:16  Barracks, Marine  
  29  3:19  SCV  
  32  3:24  Engineering Bay  
  33  3:27  SCV  
  33  3:31  SCV  
  33  3:33  Marine  
  35  3:34  Marine  
  35  3:40  SCV, Barracks Tech Lab  
  37  3:43  SCV  
  38  3:51  Marine  
  38  3:52  SCV, Terran Infantry Weapons Level 1, Marine  
  38  3:55  SCV  
  42  3:56  Orbital Command  
  42  3:59  Marine  
  42  4:01  Stimpack  
  43  4:04  SCV  
  43  4:07  SCV  
  43  4:09  Marine x2  
  46  4:10  Barracks Tech Lab  
  46  4:16  SCV  
  48  4:17  Refinery, Marine  
  48  4:19  SCV, Supply Depot  
  48  4:21  SCV  
  51  4:27  Combat Shield, Marine x2  
  51  4:28  SCV, Marine  
  55  4:31  SCV  
  55  4:34  SCV  
  55  4:36  Missile Turret  
  55  4:37  Marine  
  58  4:40  SCV  
  58  4:43  Supply Depot  
  58  4:44  SCV, Marine  
  58  4:45  Marine  
  61  4:46  SCV  
  61  4:47  Missile Turret  
  61  4:52  SCV  
  64  4:53  Factory, Marine  
  64  4:56  SCV  
  64  4:58  SCV  
  64  4:59  Marine  
  66  5:00  Missile Turret  
  66  5:02  Marine  
  66  5:03  Marine  
  66  5:04  SCV  
  69  5:12  Marine  
  69  5:13  SCV x2  
  72  5:14  Refinery  
  72  5:15  Refinery  
  72  5:16  SCV, Supply Depot  
  72  5:17  Marine  
  72  5:20  Marine  
  72  5:21  Marine  
  75  5:25  SCV  
  77  5:29  Supply Depot  
  77  5:36  Barracks  
  77  5:37  Marine x2  
  77  5:38  Factory Reactor, Barracks, Marine  
  77  5:39  Starport  
  77  5:40  SCV  
  77  5:41  SCV x2  
  82  5:43  Marine  
  82  5:52  SCV  
  82  5:53  SCV x2  
  82  5:55  Marine x2  
  81  5:57  Marine  
  81  6:01  Marine  
  77  6:05  SCV x2  
  77  6:09  Terran Infantry Armor Level 1  
  74  6:13  Marauder x2  
  74  6:17  SCV x2  
  74  6:18  Orbital Command  
  80  6:25  Barracks Tech Lab, Barracks Reactor, Missile Turret  
  80  6:29  SCV x2, Medivac x2  
  86  6:33  Supply Depot x2  
  86  6:34  Marauder x2, Supply Depot  
  90  6:40  Starport  
  90  6:41  SCV x2  
  90  6:42  Refinery  
  90  6:43  Refinery  
  90  6:46  SCV  
  93  6:53  Factory Reactor  
  93  6:54  SCV x2  
  93  6:55  Marauder, Ghost Academy  
  93  6:56  Marauder x2  
  93  6:57  Marine x2  
  93  7:00  SCV  
  103  7:01  Medivac  
  103  7:03  Medivac  
  103  7:07  Supply Depot  
  103  7:08  SCV  
  108  7:10  SCV, Supply Depot, Marine x2  
  108  7:14  Marine  
  112  7:16  Marauder  
  112  7:17  Marauder  
  116  7:24  Sensor Tower  
  116  7:25  Supply Depot x2  
  116  7:28  Marine x2  
  116  7:29  Marauder, Marine  
  121  7:32  Marine  
  121  7:37  Ghost  
  121  7:38  Ghost  
  121  7:40  Viking  
  121  7:41  Viking x2  
  121  7:43  Viking  
  133  7:51  Ghost  
  133  7:52  Missile Turret  
  133  7:53  Marine x4  
  139  8:01  SCV x3, Supply Depot  
  139  8:02  Supply Depot  
  141  8:07  Ghost  
  141  8:12  Supply Depot  
  149  8:23  Command Center  
Tags
 
Add a new tag
Caveats
  • Supply blocks, unpowered buildings, or Contaminate may cause inaccurate times.
  • Supply counts are checked every 10 seconds.